 Dungeon Crawl Stone Soup version 0.26-a0-757-g626ac9e51a (webtiles) character file.

Game seed: 3469398566924944321

23 miscthings the Sneak (level 2, 0/27 HPs)
             Began as a Palentonga Delver on Nov 8, 2020.
             Slain by a bat (1 damage)
             ... on level 2 of the Dungeon.
             The game lasted 00:01:06 (374 turns).

miscthings the Sneak (Palentonga Delver)             Turns: 374, Time: 00:01:07

Health: 0/27       AC:  4    Str: 15    XL:     2   Next: 72%
Magic:  2/2        EV:  9    Int: 10    God:
Gold:   25         SH:  0    Dex: 11    Spells: 1/1 levels left

rFire    . . .     SeeInvis +   a - +0 hand axe
rCold    . . .     Faith    .   (no shield)
rNeg     . . .     Spirit   .   b - +0 leather armour
rPois    .         Reflect  .   (no helmet)
rElec    .         Harm     .   (no cloak)
rCorr    .         Rampage  .   (no gloves)
MR       .....                  (no barding)
Stlth    ++........             (no amulet)
HPRegen  0.09/turn              (no ring)
MPRegen  0.08/turn              (no ring)

@: no status effects
A: large, rugged brown scales 3, see invisible, deformed body, roll, armoured
tail
a: Rolling Charge


You were on level 2 of the Dungeon.
You visited 1 branch of the dungeon, and saw 4 of its levels.

You collected 25 gold pieces.

Inventory:

Hand Weapons
 a - a +0 hand axe (weapon)
 h - a +0 broad axe
Armour
 b - a +0 leather armour (worn)
Wands
 g - a wand of digging (3)
Scrolls
 c - a scroll of fog
 d - a scroll of magic mapping
 e - a scroll of fear
Potions
 f - a potion of haste


   Skills:
 - Level 3.0 Fighting
 + Level 3.3 Axes
 - Level 1.5 Dodging
 - Level 3.3 Stealth


You had one spell level left.
You didn't know any spells.
Your spell library was empty.

Dungeon Overview and Level Annotations

Branches:
Dungeon (5/15)
 Temple: D:4-7

Altars:


Innate Abilities, Weirdness & Mutations

You are completely covered in rugged brown scales. (AC +3, +7% HP)
You have supernaturally acute eyesight. (SInv)
Armour fits poorly on your strangely shaped body.
You can roll at foes to attack.
You have a long armoured tail.


Message History

Okay, then.
* * * LOW HITPOINT WARNING * * *
You feel sick.
You are no longer poisoned.
The worm bites you but does no damage.
A hobgoblin comes into view. It is wielding a +0 club.
The hobgoblin shouts!
The leopard gecko hisses menacingly.
A bat comes into view.
The leopard gecko bites you but does no damage.
A rat comes into view.
The bat hits you.
* * * LOW HITPOINT WARNING * * *
A kobold comes into view.
The kobold shouts!
The bat closely misses you. The bat hits you but does no damage.
The bat hits you but does no damage. The bat hits you.
You die...

#.K.....# .#...
#...r...##....#..
#.............#..
##..........##...
#....#g.#...#..#
#.####..#.....## #.#
#..l......# . #.#
#....b....# ... ##w#
##....@#.#.#
....##..###........#
.......#.....#.##..#
#.....†††.......#>.#
##.#..##.....##.#........
# #............#.#.##...
.........###..#.#.# .
.........## ....#..
######....# #).. ..


You could see a leopard gecko, a hobgoblin, a bat and a rat.

Vanquished Creatures
  An adder (D:2)
  A worm (D:3)
  An orc (D:3)
  A bat (D:2)
  A hobgoblin (D:3)
  3 jackals (D:2)
  A ball python skeleton (D:4)
  A kobold (D:3)
10 creatures vanquished.

Notes
Turn   | Place    | Note
-------+----------+-------------------------------------------
     0 | D:5      | miscthings the Palentonga Delver began the quest for the
                  | Orb.
     0 | D:5      | Reached XP level 1. HP: 20/20 MP: 1/1
   316 | D:3      | Reached XP level 2. HP: 27/27 MP: 2/2
   361 | D:2      | HP: 1/27 [poisoned by an adder]
   368 | D:2      | HP: 1/27 [bat (1)]
   374 | D:2      | Slain by a bat

Illustrated notes

Levels and vault maps discovered:
D:2:      layout_rooms, nemelex_altar_shiori, grunt_dithmenos_smoke
D:3:      layout_loops_ring, uniq_natasha, uniq_robin
D:4:      kennysheep_the_goblin_king, layout_layer_cave
D:5:      layout_basic, minitemple, gammafunk_ghost_hive

Skill      XL: |  1  2 |
---------------+-------+-----
Axes           | 3 |  3.3
Fighting       | |  3.0
Dodging        | |  1.5
Stealth        | |  3.3

Action                   || total
-------------------------++-------
Melee: Hand axe          ||    43
       Tailslap          ||     2
 Abil: Rolling Charge    ||     8
  Use: Potion            ||     1
Armor: Leather armour    ||    21
Dodge: Dodged            ||    13

Table legend: (Time is in decaauts)
 A = Elapsed time spent in this place.
 B = Non-inter-level travel time spent in this place.
 C = Inter-level travel time spent in this place.
 D = Time resting spent in this place.
 E = Time spent auto-exploring this place.
 F = Levels seen in this place.
 G = Mean time per level.
                   A        B        C        D        E       F      G
               +--------+--------+--------+--------+--------+-----+--------+
         Total |    381 |    376 |      5 |    214 |      4 |   4 |   95.2 |
       Dungeon |    381 |    376 |      5 |    214 |      4 |   4 |   95.2 |
               +--------+--------+--------+--------+--------+-----+--------+

Top non-repeatable levels by time:
     D:3: 294 daAuts
     D:2: 47 daAuts
     D:4: 25 daAuts
     D:5: 14 daAuts
